 Dungeon Crawl Stone Soup version 0.29-a0-819-g94b489e0ae (webtiles) character file.

Game seed: 6172658775750009111

38 zeratav the Stinger (level 3, -7/21 HPs)
             Began as an Octopode Venom Mage on July 6, 2022.
             Killed from afar by Sigmund (11 damage)
             ... with a puff of flame
             ... on level 2 of the Dungeon.
             The game lasted 00:03:18 (1746 turns).

zeratav the Stinger (Octopode Venom Mage)           Turns: 1746, Time: 00:03:19

Health: -7/21      AC:  1    Str:  7    XL:     3   Next: 43%
Magic:  0/6        EV: 13    Int: 19    God:
Gold:   39         SH:  0    Dex: 12    Spells: 3/6 levels left

rFire   . . .      SeeInvis .   c - +0 dagger {short}
rCold   . . .      Faith    .   (no shield)
rNeg    . . .      Spirit   .   (helmet restricted)
rPois   .          Reflect  .   (no amulet)
rElec   .          Harm     .   (no ring)
rCorr   .          Rampage  .   (no ring)
Will    .....                   (no ring)
Stlth   +++.......              (no ring)
HPRegen 0.07/turn               (no ring)
MPRegen 0.10/turn               (no ring)
                                (no ring)
                                (no ring)

@: very slightly contaminated
A: almost no armour, amphibious, 8 rings, camouflage 1, gelatinous body 1,
(nimble swimmer 1), tentacles
a: no special abilities


You were on level 2 of the Dungeon.
You visited 1 branch of the dungeon, and saw 2 of its levels.

You collected 39 gold pieces.


Innate Abilities, Weirdness & Mutations

You cannot wear most types of armour.
You are amphibious.
You can wear up to eight rings at the same time.
Your skin changes colour to match your surroundings (Stealth+).
Your rubbery body absorbs attacks. (AC +1, EV +1)
((You are camouflaged when in or above water. (Stealth+)))
You have tentacles for arms and can constrict up to eight enemies at once.


   Skills:
 - Level 2.0 Dodging
 + Level 4.2 Stealth
 - Level 2.0 Spellcasting
 - Level 1.0 Transmutations
 + Level 4.5 Poison Magic


You had 3 spell levels left.
You knew the following spells:

 Your Spells              Type           Power      Damage    Failure   Level
a - Sting                 Tmut/Pois      48%        1d5       5%          1
b - Poisonous Vapours     Pois/Air       20%        N/A       10%         2

Your spell library contained the following spells:

 Spells                   Type           Power      Damage    Failure   Level
 Mephitic Cloud           Conj/Pois/Air  7%         N/A       26%         3
 Olgreb's Toxic Radiance  Pois           19%        N/A       26%         4

Inventory:

Hand Weapons
 c - a +0 dagger (weapon) {short}
   (You found it on level 1 of the Dungeon)
Armour
 h - a +0 buckler
   (You found it on level 1 of the Dungeon)
Scrolls
 b - a scroll of noise {unknown}
 d - 2 scrolls of identify {unknown}
 e - a scroll of brand weapon {unknown}
 f - 2 scrolls of vulnerability {unknown}
 i - a scroll of teleportation {unknown}
Potions
 a - a potion of magic
 g - a potion of might {unknown}

Dungeon Overview and Level Annotations

Branches:
Dungeon (2/15) Zot: 10252

Altars:

Annotations:
D:2 Sigmund

#.....................
#...........#.#######
#................##.###.
#................#......
#..................##.##
########.........#.#.....
#.........#... #.#
##........#.#.#.. ..
#...@......#... #.#
............#.#.#.#.. #.
............#...#... ...
.......#.....#.#.#.# ..#
.......#.......#... #.# .
########.....#.#.#.... ..
J.#@....#...##.###.#
........#.#.........
..........##.###.###


You could see Sigmund (very poisoned).


Message History

Aiming: Sting (safe; 5% risk of failure)
Press: ? - help, Shift-Dir - straight line, f - endoplasm
Aim: an endoplasm (98% to hit)
The sting hits the endoplasm.
The endoplasm partially resists.
The endoplasm is poisoned.
MP[-1]
You lost 1 mp, and now have 5/6 mp.
Casting: Sting (safe; 5% risk of failure)
Confirm with . or Enter, or press ? or * to list all spells.
Aiming: Sting (safe; 5% risk of failure)
Press: ? - help, Shift-Dir - straight line, f/p - endoplasm
Aim: an endoplasm (heavily wounded, poisoned, 98% to hit)
The sting hits the endoplasm.
The endoplasm partially resists.
The endoplasm looks even sicker.
The endoplasm hits you.
HP[-2] MP[-1]
You take 2 damage, and now have 19/21 hp.
You lost 1 mp, and now have 4/6 mp.
Casting: Sting (safe; 5% risk of failure)
Confirm with . or Enter, or press ? or * to list all spells.
Aiming: Sting (safe; 5% risk of failure)
Press: ? - help, Shift-Dir - straight line, f/p - endoplasm
Aim: an endoplasm (severely wounded, very poisoned, 98% to hit)
The sting hits the endoplasm.
The endoplasm partially resists.
The endoplasm closely misses you.
MP[-1]
You lost 1 mp, and now have 3/6 mp.
Casting: Sting (safe; 5% risk of failure)
Confirm with . or Enter, or press ? or * to list all spells.
Aiming: Sting (safe; 5% risk of failure)
Press: ? - help, Shift-Dir - straight line, f/p - endoplasm
Aim: an endoplasm (almost dead, very poisoned, 98% to hit)
The sting hits the endoplasm.
The endoplasm looks even sicker.
You kill the endoplasm!
MP[-1]
You lost 1 mp, and now have 2/6 mp.
You start resting.
HP[+2] MP[+4]
Your hp is fully restored (21).
Your mp is fully restored (6).
A bat comes into view.
Casting: Sting (safe; 5% risk of failure)
Confirm with . or Enter, or press ? or * to list all spells.
Aiming: Poisonous Vapours (safe; 10% risk of failure)
Press: ? - help, Dir - move target, f - bat
Aim: a bat Poisonous vapours surround the bat!
The bat is poisoned.
MP[-2]
You lost 2 mp, and now have 4/6 mp.
Casting: Poisonous Vapours (safe; 10% risk of failure)
Confirm with . or Enter, or press ? or * to list all spells.
Aiming: Poisonous Vapours (safe; 10% risk of failure)
Press: ? - help, Dir - move target, f/p - bat
Aim: a bat (moderately wounded, poisoned) Poisonous vapours surround the bat!
The bat looks even sicker.
MP[-2]
You lost 2 mp, and now have 2/6 mp.
You miss the bat. Your grab misses the bat.
You kill the bat!
You start resting.
Sigmund is nearby!
MP[+1]
You start resting.
MP[+3]
Your mp is fully restored (6).
Casting: Poisonous Vapours (safe; 10% risk of failure)
Confirm with . or Enter, or press ? or * to list all spells.
Aiming: Poisonous Vapours (safe; 10% risk of failure)
Press: ? - help, Dir - move target, f - Sigmund
Aim: Sigmund, wielding a +2 scythe of venom and wearing a +0 robe (wandering, hasn't noticed you)
You miscast Poisonous Vapours.
You are very lightly contaminated with residual magic.
Nothing appears to happen.
Sigmund points at you and mumbles some strange words.
The magic dart hits you!
HP[-8] MP[-2]
You take 8 damage, and now have 13/21 hp.
MASSIVE DAMAGE!! (PAUSE)
You lost 2 mp, and now have 4/6 mp.
Casting: Poisonous Vapours (safe; 10% risk of failure)
Confirm with . or Enter, or press ? or * to list all spells.
Aiming: Poisonous Vapours (safe; 10% risk of failure)
Press: ? - help, Dir - move target, f/p - Sigmund
Aim: Sigmund, wielding a +2 scythe of venom and wearing a +0 robe Poisonous vapours surround Sigmund!
Sigmund is poisoned.
Sigmund gestures at you while chanting. The magic dart hits you!
* * * LOW HITPOINT WARNING * * *
HP[-9] MP[-2]
You take 9 damage, and now have 4/21 hp.
MASSIVE DAMAGE!! (PAUSE)
You lost 2 mp, and now have 2/6 mp.
Casting: Poisonous Vapours (safe; 10% risk of failure)
Confirm with . or Enter, or press ? or * to list all spells.
Aiming: Poisonous Vapours (safe; 10% risk of failure)
Press: ? - help, Dir - move target, f/p - Sigmund
Aim: Sigmund, wielding a +2 scythe of venom and wearing a +0 robe (poisoned) Poisonous vapours surround Sigmund!
Sigmund looks even sicker.
Sigmund points at you and mumbles some strange words.
The puff of flame hits you!
Ouch! That really hurt!
You die...

Skill      XL: |  1  2  3 |
---------------+----------+-----
Stealth        | 3 4 |  4.2
Poison Magic   | 4 |  4.5
Dodging        | |  2.0
Spellcasting   | |  2.0
Transmutations | |  1.0

Action                   || total
-------------------------++-------
Melee: Dagger            ||    31
       Constrict         ||     9
       Tentacles         ||     9
 Cast: Sting             ||    53
       Poisonous Vapours ||     4
Armor: Skin              ||     6
Dodge: Dodged            ||    55

Levels and vault maps discovered:
D:1:      minmay_arrival_radiant_lines, layout_rooms, st_stairs_1,
          minmay_tetromino_l4
D:2:      layout_basic, serial_shops, shop,
          nicolae_concentric_dashed_squares_mild, uniq_terence, uniq_sigmund

Notes
Turn   | Place    | Note
-------+----------+-------------------------------------------
     0 | D:1      | zeratav the Octopode Venom Mage began the quest for the
                  | Orb.
     0 | D:1      | Reached XP level 1. HP: 11/11 MP: 3/3
     0 | D:1      | magus.rc [v1.9.6]
    97 | D:1      | Reached skill level 3 in Stealth
   106 | D:1      | Reached skill level 4 in Poison Magic
   106 | D:1      | Reached XP level 2. HP: 11/17 MP: 5/5
   120 | D:1      | HP: 4/17 [hobgoblin (2)]
   155 | D:1      | HP: 3/17 [hobgoblin (3)]
   663 | D:1      | HP: 4/17 [goblin/stone (1)]
   968 | D:1      | Reached XP level 3. HP: 21/21 MP: 3/6
  1017 | D:1      | Reached skill level 4 in Stealth
  1465 | D:2      | Noticed Sigmund
  1521 | D:1      | Learned a level 2 spell: Poisonous Vapours
  1745 | D:2      | HP: 4/21 [Sigmund/magic dart (9)]
  1746 | D:2      | Killed from afar by Sigmund

Vanquished Creatures
  A dart slug (D:1)
  2 endoplasms
  3 goblins (D:1)
  7 hobgoblins (D:1)
  7 jackals
  A quokka (D:1)
  2 ball pythons (D:1)
  3 bats
  3 frilled lizards (D:1)
  A kobold (D:1)
  2 rats (D:1)
32 creatures vanquished.

Table legend:
 A = Non-vault XP
 B = Vault XP
 C = Vault XP percentage of total XP
 D = Non-vault monster count
 E = Vault monster count
 F = Vault count percentage of total count
                 A         B        C        D         E       F
            +---------+---------+-------+---------+---------+-------
      Total |      44 |      11 |  20.0 |      26 |       6 |  18.8
            +---------+---------+-------+---------+---------+-------
        D:1 |      35 |      11 |  23.9 |      21 |       6 |  22.2
        D:2 |       9 |       0 |   0.0 |       5 |       0 |   0.0
            +---------+---------+-------+---------+---------+-------

Illustrated notes

Table legend:
 A = Kills in this place as a percentage of kills in entire the game.
 B = Kills by you in this place as a percentage of kills by you in the entire game.
 C = Kills by friends in this place as a percentage of kills by friends in the entire game.
 D = Other kills in this place as a percentage of other kills in the entire game.
 E = Experience gained in this place as a percentage of experience gained in the entire game.
 F = Experience gained in this place divided by the number of levels of this place that you have seen.
                   A       B       C       D       E      F
               +-------+-------+-------+-------+-------+----------------------
         Total | 100.0 | 100.0 |   N/A |   N/A | 100.0 |  27.5
       Dungeon | 100.0 | 100.0 |   N/A |   N/A | 100.0 |  27.5
               +-------+-------+-------+-------+-------+----------------------

Table legend: (Time is in decaauts)
 A = Elapsed time spent in this place.
 B = Non-inter-level travel time spent in this place.
 C = Inter-level travel time spent in this place.
 D = Time resting spent in this place.
 E = Time spent auto-exploring this place.
 F = Levels seen in this place.
 G = Mean time per level.
                   A        B        C        D        E       F      G
               +--------+--------+--------+--------+--------+-----+--------+
         Total |   1746 |   1721 |     25 |    589 |    762 |   2 |  873.0 |
       Dungeon |   1746 |   1721 |     25 |    589 |    762 |   2 |  873.0 |
               +--------+--------+--------+--------+--------+-----+--------+

Top non-repeatable levels by time:
     D:1: 1407 daAuts
     D:2: 339 daAuts
